 Dungeon Crawl Stone Soup version 0.28.0-47-ge53b351184 (webtiles) character file.

Game seed: 12265708326992914401

1 Keeper01 the Sneak (level 1, 0/16 HPs)
             Began as a Vampire Brigand on May 10, 2022.
             Slain by Terence
             ... wielding a +0 flail
              (9 damage)
             ... on level 2 of the Dungeon.
             The game lasted 00:01:19 (64 turns).

Keeper01 the Sneak (Vampire Brigand)                  Turns: 64, Time: 00:01:20

Health: 0/16       AC:  3    Str: 10    XL:     1   Next: 16%
Magic:  1/1        EV: 12    Int: 13    God:
Gold:   0          SH:  0    Dex: 15    Spells: 0/0 levels left

rFire   . . .      SeeInvis +   a - +2 dagger
rCold   . . .      Faith    .   (no shield)
rNeg    . . .      Spirit   .   b - +0 robe
rPois   .          Reflect  .   (no helmet)
rElec   .          Harm     .   c - +0 cloak
rCorr   .          Rampage  .   (no gloves)
Will    .....                   (no boots)
Stlth   +++.......              (no amulet)
HPRegen 0.25/turn               (no ring)
MPRegen 0.07/turn               (no ring)

@: healing quickly
A: alive, fangs 3, see invisible, vampiric 1
a: Exsanguinate


You were on level 2 of the Dungeon.
You visited 1 branch of the dungeon, and saw 2 of its levels.

Inventory:

Hand Weapons
 a - a +2 dagger (weapon)
Missiles
 d - 6 poisoned darts (quivered)
 e - 2 curare-tipped darts
Armour
 b - a +0 robe (worn)
 c - a +0 cloak (worn)


   Skills:
 + Level 1.7 Fighting
 + Level 2.1 Short Blades
 + Level 1.5 Throwing
 + Level 1.1 Dodging
 + Level 6.0 Stealth


You couldn't memorise any spells.
You didn't know any spells.
Your spell library was empty.

Dungeon Overview and Level Annotations

Branches:
Dungeon (2/15)

Altars:

Annotations:
D:2 Terence


Innate Abilities, Weirdness & Mutations

Your natural rate of healing is accelerated.
You have razor-sharp teeth.
You have supernaturally acute eyesight. (SInv)
You are afflicted with vampirism.


Message History

There is a stone staircase leading up here.
The helpless endoplasm fails to defend itself.
You impale the endoplasm!!
You kill the endoplasm!
Your Stealth skill increases to level 6!
Terence the Incautious comes into view.
He is wielding a +0 flail.
You aren't carrying any potions.
Throw: 8 darts (poison)
Press: ? - help, Q - select action, (/) - cycle Shift-Dir - straight line, f - Terence
Aim: Terence, wielding a +0 flail and wearing a +0 chain mail (65% to hit)
You throw a poisoned dart. The poisoned dart hits Terence.
Terence is poisoned.
There is a stone staircase leading up here.
Terence drinks a potion.
Terence seems to speed up.
Found a mace.
Found 14 gold pieces.
Terence completely misses you.
Throw: 7 darts (poison)
Press: ? - help, Q - select action, (/) - cycle Shift-Dir - straight line, f/p - Terence
Aim: Terence, wielding a +0 flail and wearing a +0 chain mail (lightly wounded, fast, poisoned, 65% to hit)
You throw a poisoned dart.
The poisoned dart barely misses Terence.
Terence barely misses you.
You closely miss Terence.
Terence is moderately wounded.
Terence looks more healthy.
Terence hits you with a +0 flail!
Ouch! That really hurt!
You barely miss Terence.
Terence is moderately wounded.
Terence closely misses you. Terence barely misses you.
You hit Terence but do no damage.
Terence is moderately wounded.
Terence misses you.
You hit Terence. Your bite misses Terence.
Terence is moderately wounded.
Terence hits you but does no damage.
You hit Terence but do no damage.
Terence is moderately wounded.
Terence hits you with a +0 flail!
Ouch! That really hurt!
You die...

.. ##^ #.. ### #..
##.## #.. $). #..
#.#
#..######.#####.#
#.<(..<..@@.....#
#...#(######.#####.#
... ... #.# # ...##
#.# ##.# #.# #. ...
# ###


You could see Terence (fast).

Vanquished Creatures
  An endoplasm (D:2)
1 creature vanquished.

Notes
Turn   | Place    | Note
-------+----------+-------------------------------------------
     0 | D:1      | Keeper01 the Vampire Brigand began the quest for the Orb.
     0 | D:1      | Reached XP level 1. HP: 16/16 MP: 1/1
    48 | D:2      | Reached skill level 6 in Stealth
    50 | D:2      | Noticed Terence
    64 | D:2      | Slain by Terence

Illustrated notes

Levels and vault maps discovered:
D:1:      ebering_trefoil_3fold, layout_basic, serial_shops,
          nicolae_diamond_shop
D:2:      layout_loops_ring, minmay_three_crescents, uniq_terence, uniq_jessica

Skill      XL: |  1 |
---------------+----+-----
Stealth        | 6 |  6.0
Fighting       | |  1.7
Short Blades   | |  2.1
Throwing       | |  1.5
Dodging        | |  1.1

Action                   || total
-------------------------++-------
Melee: Dagger            ||     6
Throw: Dart              ||     2
 Stab: Sleeping          ||     1
Armor: Robe              ||     1
Dodge: Dodged            ||     5
